 Dungeon Crawl Stone Soup version 0.25.1-2-g60ff931df9 (webtiles) character file.

Game seed: 14464888946470203352

68 lepoulpe303 the Sneak (level 4, 0/21 HPs)
             Began as a Spriggan Earth Elementalist on Sept 10, 2020.
             Killed from afar by an orc wizard (5 damage)
             ... with a magic dart
             ... on level 3 of the Dungeon.
             The game lasted 00:05:23 (3164 turns).

lepoulpe303 the Sneak (Spriggan Earth Elementalist) Turns: 3164, Time: 00:05:24

Health: 0/21       AC:  2    Str:  4    XL:     4   Next: 1%
Magic:  9/10       EV: 19    Int: 17    God:
Gold:   142        SH:  0    Dex: 16    Spells: 4/10 levels left

rFire    . . .     SeeInvis +   a - +0 short sword (speed)
rCold    . . .     Gourm    .   (shield restricted)
rNeg     . . .     Faith    .   c - +0 robe
rPois    .         Spirit   .   (helmet restricted)
rElec    .         Reflect  .   (no cloak)
rCorr    .         Harm     .   (gloves unavailable)
MR       .....                  (boots unavailable)
Stlth    +++.......             (no amulet)
HPRegen  0.07/turn              (no ring)
MPRegen  0.12/turn              (no ring)

@: very quick
A: very small, unfitting armour, see invisible, herbivore, speed 3, slow
metabolism 2
a: no special abilities


You were on level 3 of the Dungeon.
You were not hungry.

You visited 1 branch of the dungeon, and saw 3 of its levels.

You collected 142 gold pieces.

Inventory:

Hand Weapons
 a - a +0 short sword of speed (weapon)
 i - a cursed -1 dagger
Missiles
 h - 15 poisoned darts (quivered)
 Q - 99 stones
Armour
 c - a +0 robe (worn)
Jewellery
 f - a +6 ring of intelligence {unknown}
 n - an uncursed ring of protection from magic {unknown}
Scrolls
 d - a scroll of enchant weapon {unknown}
 g - 4 scrolls of remove curse {unknown}
 j - a scroll of teleportation {unknown}
 l - a scroll of fear {unknown}
 m - a scroll of enchant armour {unknown}
 q - a scroll of identify {unknown}
Potions
 b - a potion of resistance {unknown}
 k - a potion of stabbing {unknown}
 o - a potion of haste {unknown}
 p - a potion of cancellation {unknown}
Comestibles
 e - 3 rations


   Skills:
 + Level 1.0 Short Blades
 + Level 3.5 Dodging
 + Level 3.9 Stealth
 * Level 3.7 Spellcasting
 - Level 1.3 Transmutations
 * Level 3.3 Earth Magic


You had 4 spell levels left.
You knew the following spells:

 Your Spells              Type           Power        Failure   Level  Hunger
a - Sandblast             Erth           ##....       4%          1    None
w - Passwall              Tmut/Erth      ##......     10%         2    ##.....
x - Stone Arrow           Conj/Erth      #.....       26%         3    ###....

Your spell library contained the following spells:

 Spells                   Type           Power        Failure   Level  Hunger
 Petrify                  Tmut/Erth      ##......     52%         4    ####...
 Lee's Rapid Deconstruct  Erth           ##........   75%         5    ######.


Dungeon Overview and Level Annotations

Branches:
Dungeon (3/15)

Altars:
Wu Jian


Innate Abilities, Weirdness & Mutations

You are very small and have problems with some larger weapons.
You are too small for most types of armour.
You have supernaturally acute eyesight. (SInv)
You are a herbivore.
You cover ground extremely quickly.
You need to consume almost no food.


Message History

You see here a frilled lizard corpse.
You take 5 damage, and have 16/21 hp.
MASSIVE DAMAGE!!
The orc hits you with a +0 hand axe.
You see here 22 stones.
You take 3 damage, and have 13/21 hp.
You hit the orc.
The orc wizard hits you with a +2 dagger of venom.
* * * LOW HITPOINT WARNING * * *
The orc hits you with a +0 hand axe.
* * * LOW HITPOINT WARNING * * *
You take 8 damage, and have 5/21 hp.
MASSIVE DAMAGE!!
Aim: an orc wizard, wielding a +2 dagger of venom and wearing a +0 robe (fast)
The blast of sand hits the orc wizard but does no damage.
Q - 99 stones You now have 9/10 mp.
The orc wizard gestures at you while chanting.
The magic dart hits you.
You die...

#.###.###w#...#
#......w(o###...#
#....†.#######..
#......o...# #.
#..........##...
#.............#
#.......o$.####
#..........#
#.......@..#
#.......[..#
#..........#
############


You could see a worm, an orc wizard (fast) and an orc.

Levels and vault maps discovered:
D:1:      kb_arrival_jail, layout_loops_ring, serial_forest,
          infiniplex_forest_straight_3, infiniplex_forest_clump_small,
          infiniplex_forest_lined_3_way, infiniplex_forest_lined_ring,
          infiniplex_forest_lined_room_2, infiniplex_forest_clump_large,
          infiniplex_forest_zigzag_2, infiniplex_forest_clump_curved,
          minmay_lizard_king
D:2:      layout_loops_corners, serial_bayou_pond_a
D:3:      wander_river, layout_rooms, lemuel_doored_altar,
          gammafunk_temple_overflow_elements, first_ration, uniq_jessica,
          uniq_sigmund

Notes
Turn   | Place    | Note
-------+----------+-------------------------------------------
     0 | D:1      | lepoulpe303 the Spriggan Earth Elementalist began the quest
                  | for the Orb.
     0 | D:1      | Reached XP level 1. HP: 9/9 MP: 5/5
     2 | D:1      | Noticed a merfolk
     4 | D:1      | Noticed a centaur
     4 | D:1      | Noticed a vampire
     6 | D:1      | Noticed a troll
     6 | D:1      | Noticed an ogre
     8 | D:1      | Noticed a ghoul
     8 | D:1      | Noticed an octopode
    10 | D:1      | Noticed a formicid
    10 | D:1      | Noticed a dwarf
    12 | D:1      | Noticed a human
    14 | D:1      | Noticed a minotaur
    14 | D:1      | Noticed a gargoyle
    16 | D:1      | Noticed a spriggan
    18 | D:1      | Noticed a tengu
    20 | D:1      | Noticed a halfling
    20 | D:1      | Noticed a draconian
    22 | D:1      | Noticed a naga
    22 | D:1      | Noticed an elf
    24 | D:1      | Noticed a felid
    24 | D:1      | Noticed a demigod
    26 | D:1      | Noticed a demonspawn
    26 | D:1      | Noticed a vine stalker
    85 | D:1      | Identified a cursed -2 club
   227 | D:1      | Identified a +0 short sword of speed
   288 | D:1      | Reached skill level 3 in Spellcasting
   289 | D:1      | HP: 2/9 [goblin (3)]
   294 | D:1      | Reached XP level 2. HP: 3/13 MP: 5/7
   298 | D:1      | Learned a level 2 spell: Passwall
   677 | D:1      | Identified a +0 short sword
   999 | D:1      | Reached skill level 3 in Earth Magic
  1058 | D:1      | Identified a cursed +0 club
  1058 | D:1      | Identified a cursed -1 club
  1302 | D:1      | Reached XP level 3. HP: 15/16 MP: 8/8
  1307 | D:1      | Learned a level 3 spell: Stone Arrow
  1334 | D:1      | Identified a +0 dagger
  1487 | D:1      | Identified a +0 dagger
  1817 | D:2      | Identified a +0 club
  1869 | D:2      | Identified a +0 club
  1881 | D:2      | HP: 4/16 [hobgoblin/+0 club (7)]
  2295 | D:2      | Identified a +0 club
  2418 | D:2      | Reached skill level 1 in Short Blades
  2431 | D:2      | Identified a +0 dagger
  2761 | D:2      | Identified a +0 club
  3118 | D:3      | Found an ornate altar of the Wu Jian Council.
  3121 | D:3      | Identified a +0 war axe
  3128 | D:3      | Identified a +0 hand axe
  3128 | D:3      | Identified a +0 scale mail
  3131 | D:3      | Identified a +2 dagger of venom
  3131 | D:3      | Identified a +0 robe
  3151 | D:3      | Reached XP level 4. HP: 21/21 MP: 10/10
  3156 | D:3      | HP: 5/21 [orc/+0 hand axe (5)]
  3164 | D:3      | Killed from afar by an orc wizard

Table legend:
 A = Turns spent in this place as a percentage of turns spent in the entire game.
 B = Non-inter-level travel turns spent in this place as a percentage of non-inter-level travel turns spent in the entire game.
 C = Inter-level travel turns spent in this place as a percentage of turns spent in this place.
 D = Turns resting spent in this place as a percentage of non-inter-level travel turns spent in this place.
 E = Turns spent auto-exploring this place as a percentage of non-inter-level travel turns spent in this place.
 F = Non-inter-level travel turns spent in this place divided by the number of levels of this place that you've seen.
                   A       B       C       D       E      F
               +-------+-------+-------+-------+-------+----------------------
         Total | 100.0 | 100.0 |   5.9 |  33.5 |  49.6 | 992.0
       Dungeon | 100.0 | 100.0 |   5.9 |  33.5 |  49.6 | 992.0
               +-------+-------+-------+-------+-------+----------------------

Table legend:
 A = Kills in this place as a percentage of kills in entire the game.
 B = Kills by you in this place as a percentage of kills by you in the entire game.
 C = Kills by friends in this place as a percentage of kills by friends in the entire game.
 D = Other kills in this place as a percentage of other kills in the entire game.
 E = Experience gained in this place as a percentage of experience gained in the entire game.
 F = Experience gained in this place divided by the number of levels of this place that you have seen.
                   A       B       C       D       E      F
               +-------+-------+-------+-------+-------+----------------------
         Total | 100.0 | 100.0 |   N/A |   N/A | 100.0 |  32.7
       Dungeon | 100.0 | 100.0 |   N/A |   N/A | 100.0 |  32.7
               +-------+-------+-------+-------+-------+----------------------

Skill      XL: |  1  2  3 |
---------------+----------+-----
Spellcasting   | 3 |  3.7
Earth Magic    | 3 |  3.3
Short Blades   | 1 |  1.0
Dodging        | |  3.5
Stealth        | |  3.9
Transmutations | |  1.3

Action                   |  1- 3 |  4- 6 || total
-------------------------+-------+-------++-------
Melee: Unarmed           |    16 |       ||    16
       Short sword       |   194 |     3 ||   197
 Cast: Sandblast         |    13 |     1 ||    14
 Stab: Sleeping          |     9 |       ||     9
Armor: Robe              |    16 |       ||    16
Dodge: Dodged            |   161 |     2 ||   163

Vanquished Creatures
  An adder (D:2)
  An ooze (D:1)
  3 leopard geckos
  An orc (D:3)
  A ball python (D:2)
  9 bats
  4 giant cockroaches
  5 goblins
  8 hobgoblins
  10 frilled lizards
  4 kobolds (D:1)
  6 rats
53 creatures vanquished.
